Map: 2000 Atmospheres LE

Players

RustyShacky - Winner!

  • Race: Terran Terran

A.I. 1 (Very Easy)

  • Race: Zerg Zerg

VOD

Have the link to the VOD?

Description

Time

  • Played on: Jan. 19, 2022, 12:21 a.m.
  • Length: 11:46
Show
View Real Time Build Order
Export as new Build Order

RustyShacky Terran - Winner!

Build Orders: Mech 

Get SALT Encoding   

  12  0:00  SCV  
  13  0:12  SCV  
  14  0:17  Supply Depot  
  14  0:24  SCV  
  15  0:38  SCV  
  15  0:40  Barracks  
  16  0:44  Refinery  
  16  0:50  SCV  
  17  1:02  SCV  
  18  1:15  SCV  
  19  1:27  Marine  
  19  1:28  Orbital Command  
  20  1:40  Command Center  
  20  1:55  SCV  
  20  1:56  Barracks Reactor  
  21  2:05  Supply Depot  
  21  2:07  SCV  
  21  2:09  Factory  
  21  2:19  SCV  
  22  2:31  SCV  
  22  2:32  Bunker  
  22  2:35  Marine x2  
  25  2:39  Refinery  
  25  2:43  SCV  
  26  2:53  Factory Tech Lab, Starport  
  26  2:56  Marine x2  
  26  2:58  SCV  
  29  3:01  Orbital Command  
  29  3:10  SCV  
  30  3:22  Siege Tank  
  30  3:24  Marine x2  
  30  3:25  SCV  
  36  3:30  SCV  
  37  3:38  SCV  
  37  3:41  Medivac  
  40  3:49  Supply Depot, Marine x2  
  40  3:51  SCV  
  40  3:52  SCV  
  44  4:04  SCV x2  
  44  4:09  Command Center  
  46  4:10  Siege Tank  
  49  4:21  SCV x2  
  49  4:22  Supply Depot  
  51  4:26  Refinery, Medivac  
  53  4:32  Marine  
  53  4:38  SCV x2, Marine  
  57  4:46  Siege Tank  
  57  4:50  SCV x2  
  57  4:52  Engineering Bay  
  62  4:56  Marine x2  
  64  5:02  SCV x2  
  66  5:20  Factory  
  66  5:25  Liberator  
  69  5:30  Command Center  
  69  5:40  Refinery  
  69  5:43  SCV x2  
  69  5:44  Orbital Command  
  69  5:48  Siege Tank  
  74  5:55  SCV x2  
  76  6:05  Armory  
  76  6:07  SCV x2  
  78  6:14  Factory  
  78  6:18  Starport Tech Lab  
  78  6:24  Siege Tank  
  81  6:26  Hellion x2  
  85  6:40  Infernal Pre-Igniter  
  85  6:41  SCV  
  85  6:42  SCV x2  
  88  6:49  Factory  
  88  6:54  SCV x3  
  91  6:59  Supply Depot  
  91  7:00  Supply Depot  
  91  7:06  SCV x3, Factory Tech Lab  
  94  7:13  Command Center  
  94  7:14  Thor  
  100  7:18  Terran Vehicle Weapons Level 1  
  100  7:21  SCV x2, Hellbat x2  
  100  7:22  SCV  
  107  7:33  Refinery, SCV x2  
  107  7:34  SCV, Refinery  
  107  7:35  Thor  
  116  7:48  Supply Depot  
  116  7:49  Supply Depot  
  118  7:51  Hellbat  
  118  7:52  Hellbat x2  
  122  8:09  Supply Depot x2, Thor  
  122  8:10  Supply Depot  
  128  8:13  Armory  
  128  8:16  Thor  
  128  8:18  Hellbat x2  
  138  8:41  SCV x4  
  142  8:46  Planetary Fortress  
  142  8:49  Thor  
  142  8:51  Hellbat  
  142  8:52  Hellbat  
  142  8:53  SCV x4  
  156  9:01  Factory  
  156  9:04  Starport Reactor  
  156  9:07  SCV x3  
  159  9:10  Terran Vehicle And Ship Armor Level 1  
  159  9:15  Terran Vehicle Weapons Level 2  
  159  9:16  Supply Depot  
  159  9:17  Supply Depot  
  159  9:24  SCV  
  159  9:25  SCV x2  
  162  9:36  Refinery  
  162  9:37  Command Center  
  162  9:40  Thor  
  162  9:42  Hellbat x2  
  162  9:43  Hellbat  
  180  10:01  Thor  
  180  10:02  Refinery  
  180  10:03  Planetary Fortress  
  190  10:14  Hellbat x5  
  190  10:24  Hellbat  
  199  10:35  Hellbat x4  
  199  10:58  Command Center  
Show
View Real Time Build Order
Export as new Build Order

A.I. 1 (Very Easy) Zerg 

Build Orders: Pool First 

Get SALT Encoding   

  12  0:01  Drone  
  13  0:12  Overlord  
  13  0:16  Drone  
  14  0:35  Spawning Pool  
  13  0:37  Extractor  
  13  0:40  Drone  
  13  0:47  Drone  
  14  0:53  Overlord  
  14  1:22  Zergling x2  
  14  1:24  Queen  
  17  1:31  Roach Warren  
  16  1:35  Drone  
  16  1:39  Extractor  
  16  1:41  Zergling x2  
  16  1:43  Drone  
  18  1:57  Drone  
  18  1:59  Zergling x2  
  20  2:08  Drone  
  21  2:18  Drone  
  22  2:29  Drone  
  23  2:32  Overlord  
  23  2:36  Drone  
  24  2:43  Drone  
  25  5:37  Zergling x2  
  25  5:39  Queen  
  23  5:48  Drone  
  23  5:49  Overlord  
  24  5:55  Drone  
  25  6:02  Drone, Zergling x2  
  26  6:09  Drone  
  27  6:16  Lair, Drone  
  25  6:27  Zergling x2  
  25  6:40  Spawning Pool  
  25  6:42  Extractor  
  22  6:57  Extractor  
  21  7:10  Extractor  
  21  7:13  Overseer  
  21  7:14  Overseer  
  20  7:17  Spire  
  20  7:18  Hatchery  
  18  7:22  Extractor  
  18  7:29  Queen  
  19  7:31  Roach Warren  
  19  7:35  Extractor  
  17  7:49  Extractor  
  16  8:02  Extractor  
  15  8:26  Overseer  
  15  8:30  Zergling x2  
  17  8:34  Queen  
  17  8:37  Extractor  
  15  8:44  Drone  
  16  8:55  Zergling x2  
  16  9:02  Drone  
  17  9:12  Drone  
  20  9:24  Roach  
  20  9:40  Drone  
  21  9:47  Drone  
  21  9:52  Mutalisk  
  24  9:54  Drone  
  25  10:03  Drone  
  26  10:11  Drone  
  26  10:12  Overlord  
  27  10:18  Drone  
  28  10:21  Zergling x2  
  28  10:26  Drone  
  30  10:33  Drone  
  31  10:40  Drone  
  32  10:47  Drone  
  33  10:50  Roach  
  33  10:54  Drone  
  36  10:58  Overlord  
  36  11:03  Drone  
  37  11:04  Spawning Pool  
  35  11:13  Drone  
  35  11:21  Drone  
Tags
 
Composition
Mech
Matchup
TvZ
Opening
Pool First
Add a new tag
Caveats
  • Supply blocks, unpowered buildings, or Contaminate may cause inaccurate times.
  • Supply counts are checked every 10 seconds.